 Dungeon Crawl Stone Soup version 0.30-a0-305-g026cb31310 (webtiles) character file.

Game seed: 10422265759029399475

681032 Angani the Crack Shot (level 27, -17/233 HPs)
             Began as a Purple Draconian Hunter on Oct 22, 2022.
             Was the Champion of Okawaru.
             Demolished by a Killer Klown
             ... wielding a +11 club of distortion
              (22 damage)
             ... on level 5 of the Realm of Zot.
             The game lasted 03:02:45 (75715 turns).

Angani the Crack Shot (Purple Draconian Hunter)    Turns: 75715, Time: 03:02:45

Health: -17/233    AC: 17    Str: 11 (12) XL:     27
Magic:  13/31      EV: 30    Int: 16      God:    Okawaru [******]
Gold:   5131       SH: 26    Dex: 31      Spells: 26/26 levels left

rFire   + + +      SeeInvis +    n - +9 hand crossbow (freeze)
rCold   + + .      Faith    .    X - +2 shield of Resistance {rF++ rC++ Will++}
rNeg    + + .      Spirit   .    (body armour unavailable)
rPois   +          Reflect  +    g - -2 hat of the Alchemist {rElec rPois rF+ rC+ rN+ Will+ rMut rCorr}
rElec   +          Harm     .    A - +0 cloak of Compression {rN+ Stlth+}
rCorr   +          Rampage  .    F - +1 pair of gloves of the Desolation of Salt {Dex+7}
rMut    +          Clarity  +    e - +2 pair of boots
Will    +++++                    k - amulet of reflection
Stlth   ++++......               V - ring "Demeadd" {rCorr Int+5 Slay+4}
HPRegen 0.58/turn                J - ring of Day {rPois rCorr Str-5 SInv}
MPRegen 0.22/turn

@: lethally poisoned (-17 -> -20), vertiginous, studying Spellcasting
A: breathe power, AC +13, unfitting armour, cold-blooded, clarity, deterioration
1, fire resistance 1, frail 1, mutation resistance 1, cold vulnerability 1,
MP-powered wands
}: 5/15 runes: serpentine, barnacled, slimy, silver, abyssal
a: Breathe Dispelling Energy, Renounce Religion, Heroism, Finesse, Duel


You were on level 5 of the Realm of Zot.
You worshipped Okawaru.
Okawaru was exalted by your worship.
You visited 11 branches of the dungeon, and saw 55 of its levels.
You visited the Abyss 1 time.
You also visited: Trove, Bailey and Ice Cave.

You collected 9176 gold pieces.
You spent 4045 gold pieces at shops.

Inventory:

Hand Weapons
 n - a +9 hand crossbow of freezing (weapon)
Missiles
 j - 9 throwing nets
Armour
 e - a +2 pair of boots (worn)
 g - the -2 hat of the Alchemist (worn) {rElec rPois rF+ rC+ rN+ Will+ rMut rCorr}
   (You found it on level 5 of the Vaults)

   rF:        It protects you from fire.
   rC:        It protects you from cold.
   rElec:     It insulates you from electricity.
   rPois:     It protects you from poison.
   rN:        It protects you from negative energy.
   rCorr:     It protects you from acid and corrosion.
   rMut:      It protects you from mutation.
   Will:      It increases your willpower.
 A - the +0 cloak of Compression (worn) {rN+ Stlth+}
   (Okawaru gifted it to you on level 12 of the Dungeon)

   rN:        It protects you from negative energy.
   Stlth:     It makes you more stealthy.
 F - the +1 pair of gloves of the Desolation of Salt (worn) {Dex+7}
   (You found it on level 3 of the Elven Halls)

   Dex:       It affects your dexterity (+7).
 X - the +2 shield of Resistance (worn) {rF++ rC++ Will++}
   (You found it on level 3 of the Lair of Beasts)

   rF:        It greatly protects you from fire.
   rC:        It greatly protects you from cold.
   Will:      It greatly increases your willpower.
Jewellery
 k - an amulet of reflection (around neck)
 B - a ring of willpower
 J - the ring of Day (right hand) {rPois rCorr Str-5 SInv}
   (You took it off a vault sentinel on level 5 of the Vaults)

   [ring of see invisible]

   Str:       It affects your strength (-5).
   rPois:     It protects you from poison.
   SInv:      It lets you see invisible.
   rCorr:     It protects you from acid and corrosion.
 N - the ring "Jaluk" {rElec rC+ Will+}
   (You found it on level 2 of the Depths)

   [ring of willpower]

   rC:        It protects you from cold.
   rElec:     It insulates you from electricity.
   Will:      It increases your willpower.
 R - a ring of flight
 S - a +4 ring of slaying
 V - the ring "Demeadd" (left hand) {rCorr Int+5 Slay+4}
   (You bought it in a shop on level 1 of the Snake Pit)

   [ring of slaying]

   Int:       It affects your intelligence (+5).
   Slay:      It affects your accuracy & damage with ranged weapons and melee
   (+4).
   rCorr:     It protects you from acid and corrosion.
 W - a ring of positive energy
Wands
 a - a wand of acid (11)
 b - a wand of flame (41)
 o - a wand of mindburst (58)
 s - a wand of digging (9)
 C - a wand of polymorph (15)
 Q - a wand of paralysis (81)
 Y - a wand of iceblast (29)
Scrolls
 c - 6 scrolls of magic mapping
 f - 9 scrolls of vulnerability
 l - 11 scrolls of teleportation
 v - a scroll of brand weapon
 y - 3 scrolls of torment
 E - 13 scrolls of fog
 H - 7 scrolls of poison
 L - 7 scrolls of amnesia
 M - 6 scrolls of fear
 T - 3 scrolls of blinking
 Z - 2 scrolls of silence
Potions
 d - 31 potions of curing
 i - 6 potions of might
 p - 7 potions of attraction
 q - 2 potions of berserk rage
 r - 9 potions of mutation
 u - 8 potions of invisibility
 w - 12 potions of brilliance
 x - 5 potions of resistance
 z - 3 potions of magic
 D - 13 potions of lignification
 I - 11 potions of flight
 K - 7 potions of ambrosia
 U - 3 potions of cancellation
Miscellaneous
 t - a lightning rod (4/4)
 G - a phial of floods (inert)
 O - a tin of tremorstones (2/2)
 P - a condenser vane (inert)


   Skills:
 - Level 23.4 Fighting
 + Level 26.3 Ranged Weapons
 - Level 19.4 Dodging
 - Level 0.8 Stealth
 - Level 21.7 Shields
 - Level 11.0 Invocations
 - Level 24.3 Evocations


You had 26 spell levels left.
You didn't know any spells.
Your spell library contained the following spells:

 Spells                   Type           Power      Damage    Failure   Level
 Apportation              Tloc           0%         N/A       47%         1
 Foxfire                  Conj/Fire      0%         2x1d4     47%         1
 Kiss of Death            Conj/Necr      0%         2d5       47%         1
 Magic Dart               Conj           0%         1d3       47%         1
 Necrotise                Necr           0%         1d4       47%         1
 Sandblast                Erth           0%         2d4       47%         1
 Shock                    Conj/Air       0%         1d3       47%         1
 Slow                     Hex            0%         N/A       47%         1
 Sting                    Tmut/Pois      0%         1d3       47%         1
 Blink                    Tloc           0%         N/A       58%         2
 Cigotuvi's Dreadful Rot  Necr/Pois/Air  0%         N/A       58%         2
 Momentum Strike          Conj/Tloc      0%         3d8       58%         2
 Passwall                 Tmut/Erth      0%         N/A       58%         2
 Poisonous Vapours        Pois/Air       0%         N/A       58%         2
 Scorch                   Fire           0%         2d5       58%         2
 Searing Ray              Conj           0%         2d4       58%         2
 Static Discharge         Conj/Air       0%         2-2/arc   58%         2
 Confusing Touch          Hex            0%         N/A       80%         3
 Frozen Ramparts          Ice            0%         1d1       80%         3
 Hailstorm                Conj/Ice       0%         3d3       80%         3
 Ignite Poison            Fire/Tmut/Pois 0%         N/A       80%         3
 Inner Flame              Hex/Fire       0%         N/A       80%         3
 Kindle Blastsparks       Fire/Tloc/Air  0%         2d10      80%         3
 Lesser Beckoning         Tloc           0%         N/A       80%         3
 Mephitic Cloud           Conj/Pois/Air  0%         N/A       80%         3
 Ozocubu's Armour         Ice            0%         N/A       80%         3
 Portal Projectile        Hex/Tloc       0%         N/A       80%         3
 Spider Form              Tmut/Pois      0%         N/A       80%         3
 Stone Arrow              Conj/Erth      0%         3d7       80%         3
 Vampiric Draining        Necr           0%         2d6       80%         3
 Vhi's Electric Charge    Tloc/Air       0%         N/A       80%         3
 Airstrike                Air            0%         2d(0-16)  99%         4
 Anguish                  Hex/Necr       0%         N/A       99%         4
 Cause Fear               Hex            0%         N/A       99%         4
 Dispel Undead            Necr           0%         3d6       99%         4
 Flame Wave               Conj/Fire      0%         2d4       99%         4
 Fulminant Prism          Conj/Hex       0%         3d6       99%         4
 Ice Form                 Ice/Tmut       0%         N/A       99%         4
 Iskenderun's Mystic Bla  Conj/Tloc      0%         2d3       99%         4
 Leda's Liquefaction      Hex/Erth       0%         N/A       99%         4
 Manifold Assault         Tloc           0%         N/A       99%         4
 Olgreb's Toxic Radiance  Pois           0%         N/A       99%         4
 Passage of Golubria      Tloc           0%         N/A       99%         4
 Sticky Flame             Conj/Fire      0%         2d3       99%         4
 Alistair's Intoxication  Tmut/Pois      0%         N/A       100%        5
 Arcjolt                  Conj/Air       0%         1d10      100%        5
 Blade Hands              Tmut           0%         N/A       100%        5
 Fireball                 Conj/Fire      0%         3d3       100%        5
 Freezing Cloud           Conj/Ice/Air   0%         6-21      100%        5
 Iskenderun's Battlesphe  Conj           0%         2d6       100%        5
 Lee's Rapid Deconstruct  Erth           0%         3d4*      100%        5
 Lightning Bolt           Conj/Air       0%         1d11      100%        5
 Metabolic Englaciation   Hex/Ice        0%         N/A       100%        5
 Silence                  Hex/Air        0%         N/A       100%        5
 Yara's Violent Unravell  Hex/Tmut       0%         3d3       100%        5
 Conjure Ball Lightning   Conj/Air       0%         3x3d6     100%        6
 Dispersal                Tloc           0%         N/A       100%        6
 Iron Shot                Conj/Erth      0%         9d1       100%        6
 Starburst                Conj/Fire      0%         6d3       100%        6
 Statue Form              Tmut/Erth      0%         N/A       100%        6
 Dragon Form              Tmut           0%         N/A       100%        7
 Enfeeble                 Hex            0%         N/A       100%        7
 Orb of Destruction       Conj           0%         9d5       100%        7
 Ozocubu's Refrigeration  Ice            0%         4d7       100%        7
 Discord                  Hex            0%         N/A       100%        8
 Disjunction              Tloc           0%         N/A       100%        8
 Lehudib's Crystal Spear  Conj/Erth      0%         10d2      100%        8
 Maxwell's Capacitive Co  Air            0%         ∞         100%        8
 Necromutation            Tmut/Necr      0%         N/A       100%        8
 Chain Lightning          Conj/Air       0%         N/A       100%        9
 Fire Storm               Conj/Fire      0%         5d1       100%        9
 Polar Vortex             Ice            0%         N/A       100%        9
 Shatter                  Erth           0%         3d5*      100%        9
 Summon Small Mammal      Summ           Unusable   N/A       N/A         1
 Call Canine Familiar     Summ           Unusable   N/A       N/A         3
 Tukima's Dance           Hex            Unusable   N/A       N/A         3
 Animate Armour           Summ/Erth      Unusable   N/A       N/A         4
 Summon Ice Beast         Ice/Summ       Unusable   N/A       N/A         4
 Summon Cactus Giant      Summ           Unusable   N/A       N/A         6
 Infestation              Necr           Unusable   N/A       N/A         8
 Dragon's Call            Summ           Unusable   N/A       N/A         9

Dungeon Overview and Level Annotations

Branches:
Dungeon (15/15)            Temple (0/1) D:5            Lair (5/5) D:10
 Shoals (4/4) Lair:3        Snake (4/4) Lair:3        Slime (5/5) Lair:5
    Orc (2/2) D:10            Elf (3/3) Orc:2        Vaults (5/5) D:14
  Crypt (3/3) Vaults:2       Tomb (0/3) Crypt:3      Depths (4/4) D:15
    Zot (5/5) Depths:4     Bailey (visited)           IceCv (visited)

Altars:
Dithmenos
Fedhas
Gozag
Hepliaklqana
Kikubaaqudgha
Nemelex Xobeh
Okawaru
Qazlal
Sif Muna
Trog
Vehumet
Xom
Yredelemnul
Lugonu

Shops:
D:3 [   D:5 (   D:11 !   Orc:2 :[*(:   Shoals:3 *   Snake:1 =   Vaults:1 (
Depths:3 *

Portals:
Hell: Depths:1 Depths:2 Depths:3 Depths:4
Abyss: Orc:1 Depths:2 Depths:3
Pandemonium: Depths:2 Depths:3 Depths:4
Ziggurat: Depths:1

Annotations:
D:4 1 runed translucent door, Zarkath's ghost, novice OpTm
D:5 3 runed translucent doors, Zarkath's ghost, novice OpTm
D:10 1 runed translucent door
D:13 3 runed translucent doors, Udwu's ghost, journeyman SpEE
D:14 3 runed translucent doors, Wopsaluy's ghost, journeyman GrFi
Shoals:4 2 transporters, gabibbone's ghost, adept BaHu
Snake:1 1 runed translucent door, Weumeij's ghost, adept GnHu
Snake:3 exclusion: downstairs
Orc:1 2 transporters | demon trident transporter, ouz's ghost, journeyman DjCj
Elf:1 3 runed translucent doors, exclusion: 3 doors, Decritt's ghost, adept SpEn; Weizan's ghost, adept SpEn; Zanapn's ghost, journeyman DEAE; gruffalo's ghost, journeyman HuFi
Elf:2 3 runed translucent doors
Crypt:3 1 exclusion
Depths:2 2 runed translucent doors, exclusions: 2 doors and 3 more exclusions
Zot:1 1 runed translucent door, twist's ghost, legendary OpTm


Innate Abilities, Weirdness & Mutations

You can breathe bolts of dispelling energy.
Your rich purple scales are hard. (AC +13)
You cannot fit into any form of body armour.
You are cold-blooded and may be slowed by cold attacks.
You possess an exceptional clarity of mind.
Your body sometimes deteriorates upon taking damage.
Your flesh is heat resistant. (rF+)
You are frail. (-10% HP)
You are somewhat resistant to further mutation.
You are vulnerable to cold. (rC-)
You expend magic power (3 MP) to strengthen your wands.


Message History

Fire: n) +9 hand crossbow (freeze)
Press: ? - help, Q - select action, (/) - cycle Shift-Dir - straight line, f/p - yellow draconian annihilator
Aim: a yellow draconian annihilator, wielding a +2 short sword of venom and wearing a +1 cloak (moderately wounded, slow, 82% to hit)
You shoot a bolt.
The bolt hits the yellow draconian annihilator!!
The bolt freezes the yellow draconian annihilator!
The yellow draconian annihilator is almost dead.
You feel very sick.
Unknown command.
Fire: n) +9 hand crossbow (freeze)
Press: ? - help, Q - select action, (/) - cycle Shift-Dir - straight line, f/p - yellow draconian annihilator
Aim: a yellow draconian annihilator, wielding a +2 short sword of venom and wearing a +1 cloak (almost dead, slow, 82% to hit)
You shoot a bolt.
The bolt completely misses the yellow draconian annihilator.
You feel sick.
The yellow draconian annihilator gestures at you while chanting.
The crystal spear hits you!!!
* * * LOW HITPOINT WARNING * * *
Your body deteriorates!
You feel weakened.
Unknown command.
You cannot drink potions in your current state!
Unknown command.
Okay, then.
As you read the scroll of fear, it crumbles to dust.
You assume a fearsome visage.
The yellow draconian annihilator looks frightened!
You feel sick.
The yellow draconian annihilator mumbles some strange words.
The yellow draconian annihilator blinks!
You hear a shout!
Aiming: Dig
Press: ? - help, Shift-Dir - straight line A rock wall.
You feel a surge of power!
The rock shatters into small pieces.
You feel sick.
The Killer Klown attacks as you move away!
You block the Killer Klown's attack.
You can drink potions again.
You feel sick.
The Killer Klown wrestles you with a +11 club of distortion!!
You die...

..#####...##############...###...
..# #....### #....###.##. ###
#.....#.# #....##.#*## #
#..^...#.# #....#.#* #
###...#.#.# ###...#* ######.#.#
####.^## #.#.## #.....#
#.#p###.....# #@#§##...###
##.#.q.### *******
*#######*######## * ,,,,,,**
*.......X.......# ** ,,,,,,,**
*#.............#* **, ,,,,,,^,**
#.............# **,, ,,,,,,,^,*
##...........## *,,, ,,,,,,^,,*
#...........# *,,, ,,,,,,,,,*
*#.......^...## *,,,


You could see a Killer Klown.

Vanquished Creatures
  the Royal Jelly (Slime:5)
  3 ancient liches
  6 dread liches
  3 orbs of fire
  A royal mummy (Crypt:3)
  Sojobo (Vaults:5)
  13 golden dragons
  2 bone dragons (Abyss:3)
  2 hellephants
  An iron giant (Zot:3)
  14 tentacled monstrosities
  7 Orb Guardians (Zot:5)
  10 liches
  A walking crystal tome (Depths:3)
  6 quicksilver dragons
  2 deep elf blademasters (Elf:3)
  2 titans
  A walking divine tome (Depths:4)
  3 ancient champions
  8 tentacled starspawn
  11 tengu reavers
  2 Executioners
  29 acid blobs
  Frances (D:12)
  4 deep elf master archers (Elf:3)
  8 death cobs
  12 sphinxes
  A kraken (Shoals:3)
  Kirke (Lair:3)
  4 draconian monks
  6 shadow dragons
  13 storm dragons
  13 azure jellies
  Roxanne (Elf:2)
  4 fire giants
  A revenant (Crypt:2)
  12 rockslimes
  10 draconian knights
  9 frost giants
  Louise (Depths:3)
  2 iron dragons
  6 draconian scorchers
  3 ghost moths
  6 deep elf sorcerers
  18 vault wardens
  5 orc warlords
  4 draconian shifters
  2 curse skulls (Crypt:2)
  A balrug (Depths:4)
  9 ghouls (Crypt:2)
  11 draconian stormcallers
  5 deep elf elementalists (Elf:3)
  10 quicksilver oozes
  11 ironbound thunderhulks
  38 very ugly things
  4 draconian annihilators (Zot:5)
  2 reapers
  20 ironbound preservers
  A juggernaut skeleton (Crypt:1)
  A spriggan defender (Depths:3)
  11 stone giants
  5 war gargoyles
  9 vampire knights
  10 white draconians
  7 green draconians
  14 black draconians
  7 deep elf annihilators
  2 lorocyprocas
  6 deep elf demonologists
  6 spark wasps
  10 yellow draconians
  15 purple draconians
  20 dire elephants
  An eleionoma (Zot:5)
  Azrael (Orc:2)
  A bunyip (Abyss:2)
  12 red draconians
  An acid blob zombie (Crypt:2)
  A blizzard demon (Depths:4)
  3 eidola (Crypt:2)
  4 deep elf high priests
  12 fire dragons
  Snorg (D:11)
  A crystal guardian (Vaults:4)
  6 mummy priests (Crypt:3)
  11 deep elf death magi
  4 merfolk javelineers
  3 ettins
  3 entropy weavers
  9 great orbs of eyes
  8 yaktaur captains
  5 jiangshi
  33 vault guards
  A caustic shrike simulacrum (Abyss:3)
  Fannar (Lair:1)
  12 merfolk impalers
  6 rakshasas
  3 salamander tyrants
  9 spriggan air magi
  3 merfolk avatars
  5 ogre magi
  A hell beast (Depths:2)
  9 centaur warriors
  2 peacekeepers (Vaults:4)
  8 hydras
  16 two-headed ogres
  9 ironbound frosthearts
  A catoblepas (D:15)
  11 ice dragons
  2 merfolk aquamancers (Shoals:4)
  12 anacondas
  3 boulder beetles
  11 dancing weapons
  A death knight (Crypt:1)
  6 alligator snapping turtles
  A vampire mage (Crypt:3)
  3 satyrs
  16 naga warriors
  10 tengu warriors
  13 death yaks
  5 hell hogs
  Erica (D:10)
  12 deep troll earth magi
  6 naga sharpshooters
  5 deep troll shamans
  2 thrashing horrors
  An alligator (shapeshifter) (Vaults:3)
  10 spriggan berserkers
  10 shock serpents
  10 orc high priests
  Nergalle (D:11)
  5 soul eaters
  18 deep elf knights
  4 sun demons
  5 wretched stars
  3 shadow wraiths
  23 skeletal warriors
  7 salamander mystics
  A spatial maelstrom (Abyss:3)
  A goliath frog (Lair:5)
  7 iron trolls
  An anaconda zombie (Crypt:3)
  11 sea snakes
  2 quicksilver dragon simulacra (Depths:4)
  A sixfirhy (Abyss:3)
  5 naga ritualists
  59 deep trolls
  3 glowing orange brains
  18 starcursed masses
  12 deep elf archers
  4 flayed ghosts
  A bog body (Crypt:2)
  11 phantasmal warriors
  Pikel (D:6)
  2 orange crystal statues
  An anaconda skeleton (Crypt:2)
  5 wizards
  17 ironbound convokers
  24 harpies
  18 lindwurms
  19 orc knights
  A wolf spider (shapeshifter) (Vaults:5)
  24 deep elf zephyrmancers
  A tengu skeleton (Vaults:2)
  15 fauns
  37 deep elf pyromancers
  10 orc sorcerers
  8 shining eyes
  22 mana vipers
  An oklob plant (Lair:5)
  A stone giant zombie (Abyss:2)
  5 necromancers
  23 manticores
  44 ugly things
  12 cyclopes
  A sphinx skeleton (Crypt:3)
  20 salamanders
  4 worldbinders
  7 merfolk sirens
  12 vault sentinels
  11 guardian serpents
  2 ice statues
  2 eyes of devastation
  An eye of devastation (shapeshifter) (Vaults:5)
  25 moths of wrath
  29 elephants
  2 water nymphs
  22 naga magi
  A water nymph (shapeshifter) (D:15)
  49 black mambas
  6 gargoyles
  A grey draconian zombie (Crypt:3)
  A rust devil (Depths:2)
  Maurice (D:8)
  A guardian serpent (shapeshifter) (Depths:2)
  Maggie (D:6)
  2 smoke demons (Abyss:2)
  An orange demon (Abyss:2)
  A hellion (Abyss:2)
  25 cane toads
  7 freezing wraiths
  2 rime drakes
  3 efreet
  35 yaktaurs
  A red draconian skeleton (Crypt:3)
  An unseen horror (D:12)
  A komodo dragon (shapeshifter) (D:13)
  A death yak skeleton (Crypt:1)
  3 kobold demonologists
  11 komodo dragons
  32 guardian mummies
  A hellwing (Abyss:2)
  23 merfolk
  4 tengu conjurers
  A queen bee (Lair:3)
  3 ice devils
  10 trolls
  4 ancient zymes
  9 hornets
  13 polar bears
  Prince Ribbit (D:8)
  A sea snake skeleton (Crypt:3)
  A hornet (shapeshifter) (D:14)
  A moth of wrath zombie (Crypt:2)
  A tarantella (shapeshifter) (Abyss:3)
  8 wind drakes
  An ettin zombie (Vaults:2)
  A silent spectre (Abyss:2)
  A jumping spider zombie (Crypt:2)
  7 raiju (Abyss:3)
  3 tyrant leeches (Lair:5)
  A fire dragon zombie (Crypt:1)
  2 snapping turtles
  147 slime creatures
  16 dream sheep
  A blink frog (shapeshifter) (D:13)
  22 blink frogs
  13 flying skulls
  An air elemental (Elf:3)
  An ettin skeleton (Crypt:3)
  70 yaks
  2 elf simulacra
  19 water elementals
  A vampire (D:11)
  3 ynoxinuls
  A culicivora (shapeshifter) (Elf:1)
  A dire elephant simulacrum (Abyss:2)
  7 spriggans
  7 ushabtiu (Crypt:3)
  A wind drake zombie (Crypt:1)
  6 wyverns
  A shadow (D:11)
  Eustachio (D:6)
  7 wraiths
  Grum (D:8)
  4 basilisks
  A hog (shapeshifter) (D:12)
  14 large abominations
  2 alligator skeletons
  14 small abominations
  7 fire elementals
  9 chaos spawn
  2 fire bats (Abyss:3)
  9 golden eyes
  5 hogs (Lair:3)
  2 humans
  5 redbacks
  5 steam dragons
  11 vampire mosquitoes
  Edmund (D:5)
  A demonspawn zombie (Crypt:1)
  55 nagas
  A swamp worm (shapeshifter) (Abyss:3)
  3 wargs
  2 spatial vortices (Abyss:3)
  4 acid dragons
  An entropy weaver zombie (Crypt:1)
  16 water moccasins
  A hell hound (Orc:1)
  A fire bat skeleton (Crypt:1)
  4 floating eyes
  2 ogre skeletons
  A sky beast (D:6)
  5 black bears
  43 orc warriors
  2 water nymph skeletons (Crypt:2)
  5 ice beasts
  3 ettin simulacra (Depths:4)
  A deep troll simulacrum (Vaults:2)
  A wolf (shapeshifter) (Abyss:2)
  14 ogres
  3 boggarts (Vaults:1)
  40 wolves
  9 centaurs
  2 elf zombies (Elf:1)
  3 lemures (D:6)
  8 kobold brigands
  7 bullfrogs
  5 earth elementals
  10 necrophages
  2 gnoll sergeants
  2 scorpions
  An ogre simulacrum (Vaults:3)
  A wyvern skeleton (Crypt:1)
  6 wights
  2 human simulacra (Vaults:4)
  An elephant simulacrum (Lair:1)
  30 killer bees
  7 howler monkeys
  An electric eel (Lair:5)
  6 hounds
  2 human zombies
  A jelly (D:5)
  An iron imp (Abyss:2)
  28 orc priests
  5 gnoll boudas
  A quasit (Abyss:1)
  9 iguanas
  31 orc wizards
  Terence (D:2)
  2 human skeletons
  A wolf simulacrum (Lair:1)
  27 mummies
  A hound skeleton (Crypt:3)
  34 gnolls
  5 adders
  2 shadow imps
  A swamp drake skeleton (Crypt:3)
  4 white imps
  4 ufetubi
  A worm (D:5)
  100 orcs
  7 ball pythons
  3 endoplasms
  9 giant cockroaches
  16 hobgoblins
  3 quokkas
  3 training dummies (D:5)
  7 bats
  7 frilled lizards
  23 goblins
  2 goblin skeletons (D:10)
  28 kobolds
  A kobold zombie (Crypt:2)
  5 rats
  4 starspawn tentacles
  2 tentacles (Shoals:3)
2897 creatures vanquished.

Vanquished Creatures (others)
  A deep elf knight (Elf:3)
  A skeletal warrior (Depths:4)
  A wizard (Vaults:1)
  An ice devil (Depths:4)
  An orc wizard (D:3)
  An orc (Orc:2)
  A goblin (D:9)
  2 bushes (Lair:5)
  29 fungi
  A lurking horror (Abyss:2)
  163 plants
  9 starspawn tentacles
  5 tentacles (Shoals:3)
  2 withered plants (Elf:1)
218 creatures vanquished.

Grand Total: 3115 creatures vanquished

Notes
Turn   | Place    | Note
-------+----------+-------------------------------------------
     0 | D:1      | Angani the Draconian Hunter began the quest for the Orb.
     0 | D:1      | Reached XP level 1. HP: 17/17 MP: 1/1
   340 | D:1      | Reached XP level 2. HP: 25/25 MP: 2/2
   513 | D:1      | Reached skill level 4 in Ranged Weapons
   885 | D:1      | Reached XP level 3. HP: 31/31 MP: 3/3
  1039 | D:2      | Noticed Terence
  1049 | D:2      | Killed Terence
  1124 | D:2      | Reached XP level 4. HP: 38/40 MP: 4/4
  1971 | D:3      | Found a sparkling altar of Nemelex Xobeh.
  2010 | D:3      | Reached XP level 5. HP: 46/46 MP: 5/5
  2097 | D:3      | Found an ancient bone altar of Kikubaaqudgha.
  2212 | D:3      | Reached skill level 5 in Ranged Weapons
  2529 | D:3      | Reached skill level 5 in Fighting
  2547 | D:3      | Reached XP level 6. HP: 44/56 MP: 6/6
  2672 | D:3      | Found Renusum's Armour Boutique.
  2683 | D:3      | Bought a +1 hat for 143 gold pieces
  2771 | D:3      | Found an iron altar of Okawaru.
  2777 | D:3      | Became a worshipper of Warmaster Okawaru
  2798 | D:3      | Found a shadowy altar of Dithmenos.
  2863 | D:3      | Found a shimmering blue altar of Sif Muna.
  2932 | D:4      | Noticed Zarkath's ghost (novice OpTm)
  2935 | D:4      | Found a runed translucent door.
  3207 | D:4      | Gained mutation: You have a pair of small horns on your
                  | head. [potion of mutation]
  3207 | D:4      | Gained mutation: Your tail ends in a venomous barb. [potion
                  | of mutation]
  3706 | D:5      | Entered Level 5 of the Dungeon
  3723 | D:5      | Reached skill level 6 in Ranged Weapons
  3723 | D:5      | Your scales start taking on a rich purple colour.
  3723 | D:5      | Reached XP level 7. HP: 52/63 MP: 7/7
  3841 | D:5      | Reached * piety under Okawaru
  4229 | D:5      | Found a hazy altar of Hepliaklqana.
  4463 | D:5      | Reached skill level 7 in Ranged Weapons
  4502 | D:5      | Found a runed translucent gate.
  4503 | D:5      | Found a runed translucent gate.
  4504 | D:5      | Found a runed translucent gate.
  4506 | D:5      | Noticed Zarkath's ghost (novice OpTm)
  4554 | D:5      | Found a staircase to the Ecumenical Temple.
  4583 | D:5      | Noticed Edmund
  4595 | D:5      | Killed Edmund
  4596 | D:5      | Reached XP level 8. HP: 55/74 MP: 8/8
  4741 | D:5      | Found Ceneitz's Firing Range.
  4962 | D:6      | Identified the +1 robe "Gawkitex" {Contam rElec rPois rF+}
  4962 | D:6      | Noticed Maggie
  5229 | D:6      | Noticed Pikel
  5237 | D:6      | Killed Pikel
  5237 | D:6      | Reached ** piety under Okawaru
  5237 | D:6      | Reached *** piety under Okawaru
  5238 | D:6      | Reached skill level 8 in Ranged Weapons
  5245 | D:6      | Identified 3 scrolls of acquirement
  5246 | D:6      | Acquired a +5 vorpal hand crossbow
  5250 | D:6      | Acquired a +4 ring of slaying
  5253 | D:6      | Acquired the +1 hat "Zubeutao" {Slay+3}
  5328 | D:6      | Found an opulent altar of Gozag.
  5331 | D:6      | Killed Maggie
  5332 | D:6      | Reached XP level 9. HP: 84/84 MP: 9/9
  5358 | D:6      | Found a shimmering altar of Xom.
  5358 | D:6      | Found a stormy altar of Qazlal.
  5358 | D:6      | Found a radiant altar of Vehumet.
  5418 | D:6      | Reached skill level 10 in Fighting
  5418 | D:6      | Reached skill level 9 in Ranged Weapons
  5420 | D:6      | Reached **** piety under Okawaru
  5784 | D:6      | Noticed Eustachio
  5789 | D:6      | Killed Eustachio
  6412 | D:7      | Reached skill level 10 in Ranged Weapons
  6586 | D:7      | Reached ***** piety under Okawaru
  6739 | D:7      | Identified the +1 ring mail of the Maze {+Inv Stlth+}
  6743 | D:7      | Reached XP level 10. HP: 95/95 MP: 10/10
  7071 | D:8      | Noticed Grum
  7073 | D:8      | Noticed a two-headed ogre
  7075 | D:8      | Killed Grum
  7153 | D:8      | Killed a two-headed ogre
  7180 | D:8      | Noticed Erica
  7214 | D:8      | Reached skill level 5 in Dodging
  7283 | D:8      | Found a bloodstained altar of Trog.
  7300 | D:8      | Reached skill level 11 in Ranged Weapons
  7358 | D:8      | Noticed Maurice
  7361 | D:8      | Killed Maurice
  7406 | D:8      | Noticed Prince Ribbit
  7409 | D:8      | Killed Prince Ribbit
  7487 | D:7      | Noticed a six-headed hydra
  7490 | D:7      | Killed a six-headed hydra
  7490 | D:7      | Identified the +0 kite shield of Dishonesty {Rampage rElec
                  | Str+3} (Okawaru gifted it to you on level 7 of the Dungeon)
  7490 | D:7      | Received a gift from Okawaru
  7493 | D:7      | Reached XP level 11. HP: 102/102 MP: 11/11
  7506 | D:7      | Noticed a two-headed ogre
  7508 | D:7      | Killed a two-headed ogre
  7558 | D:7      | Reached skill level 12 in Ranged Weapons
  7612 | D:7      | Noticed a centaur warrior
  7617 | D:7      | Killed a centaur warrior
  7617 | D:7      | Reached ****** piety under Okawaru
  8166 | D:9      | Noticed an orange crystal statue
  8187 | D:9      | Noticed a two-headed ogre
  8190 | D:9      | Killed a two-headed ogre
  8203 | D:9      | Noticed a two-headed ogre
  8210 | D:9      | Killed a two-headed ogre
  8263 | D:9      | Found a flagged portal.
  8285 | Bailey   | Entered a bailey
  8383 | Bailey   | Noticed an orc knight
  8395 | Bailey   | Killed an orc knight
  8521 | Bailey   | Noticed an orc warlord
  8534 | Bailey   | Killed an orc warlord
  8535 | Bailey   | Reached skill level 13 in Ranged Weapons
  8593 | Bailey   | Reached skill level 14 in Ranged Weapons
  8593 | Bailey   | Reached XP level 12. HP: 110/110 MP: 12/12
  9244 | D:9      | Identified the +7 shortbow "Rynte" {flame, Contam rPois
                  | Int-4 Dex+8}
  9346 | D:10     | Entered Level 10 of the Dungeon
  9492 | D:10     | Reached skill level 15 in Ranged Weapons
  9500 | D:10     | Killed Erica
  9501 | D:10     | Reached XP level 13. HP: 103/116 MP: 13/13
  9646 | D:10     | Found a staircase to the Orcish Mines.
  9754 | D:10     | Found a runed translucent door.
  9756 | D:10     | Found a basalt altar of Yredelemnul.
  9849 | D:10     | Received a gift from Okawaru
  9864 | D:10     | Found a staircase to the Lair.
 10417 | D:11     | Noticed Snorg
 10419 | D:11     | Killed Snorg
 10420 | D:11     | Reached skill level 16 in Ranged Weapons
 10590 | D:11     | Received a gift from Okawaru
 10716 | D:11     | Got the Guide on Overcast Frostbite
 10748 | D:11     | Found Ugreofro's Distillery.
 10758 | D:11     | Bought 2 potions of curing for 90 gold pieces
 10758 | D:11     | Bought a potion of curing for 45 gold pieces
 10758 | D:11     | Bought a potion of curing for 45 gold pieces
 10758 | D:11     | Bought a potion of attraction for 45 gold pieces
 10924 | D:11     | Noticed Nergalle
 10932 | D:11     | Killed Nergalle
 11140 | D:11     | Bought a potion of might for 60 gold pieces
 11140 | D:11     | Bought a potion of degeneration for 15 gold pieces
 11365 | D:11     | Found a portal to a secret trove of treasure.
 11503 | Lair:1   | Entered Level 1 of the Lair of Beasts
 11503 | Lair:1   | Found a frozen archway.
 11518 | Lair:1   | Noticed Fannar
 11525 | Lair:1   | Killed Fannar
 11526 | Lair:1   | Reached skill level 17 in Ranged Weapons
 11540 | IceCv    | Entered an ice cave
 11860 | IceCv    | Reached skill level 18 in Ranged Weapons
 11867 | IceCv    | Identified the +4 sling "Grim Tooth" {drain, rF+ rC+ Will+}
                  | (Okawaru gifted it to you in an ice cave)
 11867 | IceCv    | Received a gift from Okawaru
 11868 | IceCv    | Reached skill level 1 in Shields
 12002 | IceCv    | Noticed a frost giant
 12020 | IceCv    | Killed a frost giant
 12021 | IceCv    | Reached XP level 14. HP: 97/124 MP: 6/14
 12126 | IceCv    | Got the Grimoire of Glaciation
 12345 | Lair:1   | Reached skill level 5 in Shields
 13438 | Lair:2   | Reached skill level 10 in Dodging
 13453 | Lair:2   | Received a gift from Okawaru
 13702 | Lair:3   | Identified the +5 double sword of Sulphur {flame, +Blink
                  | rF+ Str-3 Stlth+}
 13867 | Lair:3   | Found a staircase to the Snake Pit.
 13903 | Lair:3   | Noticed Kirke
 13917 | Lair:3   | Killed Kirke
 13917 | Lair:3   | Identified the +6 sling of Exchange {speed, rCorr} (Okawaru
                  | gifted it to you on level 3 of the Lair of Beasts)
 13917 | Lair:3   | Received a gift from Okawaru
 14096 | Lair:3   | Found a staircase to the Shoals.
 14643 | Lair:3   | Reached skill level 10 in Shields
 14655 | Lair:3   | Found the +2 shield of Resistance {rF++ rC++ Will++}
 15646 | Lair:5   | Entered Level 5 of the Lair of Beasts
 15678 | Lair:5   | Found a staircase to the Slime Pits.
 15702 | Lair:5   | Identified the +4 longbow "Mutax" {flame, rN+} (Okawaru
                  | gifted it to you on level 5 of the Lair of Beasts)
 15702 | Lair:5   | Received a gift from Okawaru
 15995 | Lair:5   | Reached XP level 15. HP: 132/132 MP: 15/15
 16328 | Lair:5   | Identified the +3 buckler of the Pear {rPois rN+ Will+}
                  | (Okawaru gifted it to you on level 5 of the Lair of Beasts)
 16328 | Lair:5   | Received a gift from Okawaru
 16902 | Lair:5   | Reached skill level 1 in Invocations
 16902 | Lair:5   | Reached skill level 1 in Evocations
 17705 | Orc:1    | Entered Level 1 of the Orcish Mines
 17847 | Orc:2    | Entered Level 2 of the Orcish Mines
 17847 | Orc:2    | Noticed Azrael
 17847 | Orc:2    | Found Zenuqyba's Self-Improvement Boutique.
 17892 | Orc:1    | Found a one-way gate to the infinite horrors of the Abyss.
 17892 | Orc:1    | Noticed ouz's ghost (journeyman DjCj)
 17916 | Orc:1    | Found a transporter.
 17943 | Orc:1    | Received a gift from Okawaru
 18103 | Orc:1    | Found a transporter.
 18754 | Orc:2    | Received a gift from Okawaru
 18828 | Orc:2    | Killed Azrael
 18832 | Orc:2    | Reached skill level 5 in Evocations
 18834 | Orc:2    | Reached skill level 5 in Invocations
 19085 | Orc:2    | Reached XP level 16. HP: 128/141 MP: 20/20
 19293 | Orc:2    | Found Linlahir's General Store.
 19294 | Orc:2    | Found Kojef's Book Shop.
 19296 | Orc:2    | Found Jupra's Antique Armour Boutique.
 19296 | Orc:2    | Found Ixzyit's Antique Weapon Boutique.
 19302 | Orc:2    | Bought an iridescent longbow for 402 gold pieces
 19302 | Orc:2    | Identified the +5 longbow "Liqo" {flame, rPois Str+5
                  | Stlth-} (You bought it in a shop on level 2 of the Orcish
                  | Mines)
 19312 | Orc:2    | Bought a scroll of identify for 30 gold pieces
 19312 | Orc:2    | Bought a potion of ambrosia for 120 gold pieces
 19312 | Orc:2    | Bought a potion of lignification for 45 gold pieces
 19366 | Orc:2    | Found a staircase to the Elven Halls.
 19749 | D:12     | Identified the +0 cloak of Compression {rN+ Stlth+}
                  | (Okawaru gifted it to you on level 12 of the Dungeon)
 19749 | D:12     | Received a gift from Okawaru
 20213 | D:12     | Identified the +1 trident "Dragonbane" {holy, rF+}
 20502 | D:12     | Noticed Frances
 20516 | D:12     | Killed Frances
 20863 | D:13     | Found a runed translucent gate.
 20863 | D:13     | Found a runed translucent gate.
 20863 | D:13     | Found a runed translucent gate.
 20868 | D:13     | Noticed Udwu's ghost (journeyman SpEE)
 21281 | D:13     | Found an iron altar of Okawaru.
 21405 | D:14     | Found a runed translucent gate.
 21405 | D:14     | Found a runed translucent gate.
 21405 | D:14     | Found a runed translucent gate.
 21416 | D:14     | Noticed Wopsaluy's ghost (journeyman GrFi)
 21447 | D:14     | Found a gate to the Vaults.
 21531 | D:14     | Found a basalt altar of Yredelemnul.
 22122 | D:14     | Identified the +7 sling of Oenomania {vorpal, rElec Int+3}
                  | (Okawaru gifted it to you on level 14 of the Dungeon)
 22122 | D:14     | Received a gift from Okawaru
 22128 | D:14     | Identified the amulet of the Fortune-Teller {RegenMP rF+
                  | SInv Stlth-}
 22145 | D:14     | Reached skill level 10 in Evocations
 22165 | D:14     | Reached skill level 10 in Invocations
 22407 | D:15     | Entered Level 15 of the Dungeon
 22890 | D:15     | Found a staircase to the Depths.
 23464 | Snake:1  | Entered Level 1 of the Snake Pit
 23518 | Snake:1  | Found a runed translucent door.
 23522 | Snake:1  | Noticed Weumeij's ghost (adept GnHu)
 23545 | Snake:1  | Received a gift from Okawaru
 23546 | Snake:1  | Reached XP level 17. HP: 143/150 MP: 25/25
 23618 | Snake:1  | Found Fyutixkue's Jewellery Shop.
 23635 | Snake:1  | Bought the ring "Demeadd" {rCorr Int+5 Slay+4} for 1913
                  | gold pieces
 25369 | Snake:3  | Received a gift from Okawaru
 26632 | Snake:4  | Entered Level 4 of the Snake Pit
 26959 | Snake:4  | Received a gift from Okawaru
 27002 | Snake:4  | Reached skill level 15 in Fighting
 27152 | Snake:4  | Reached XP level 18. HP: 163/163 MP: 26/26
 27437 | Snake:4  | Got a serpentine rune of Zot
 28003 | Snake:4  | Received a gift from Okawaru
 28723 | Shoals:1 | Entered Level 1 of the Shoals
 29458 | Shoals:2 | Received a gift from Okawaru
 30552 | Shoals:3 | Reached skill level 15 in Shields
 30664 | Shoals:3 | Acquired 785 gold pieces
 30670 | Shoals:3 | Found Memeafu's General Store.
 30679 | Shoals:3 | Bought a wand of acid (6) for 352 gold pieces
 30952 | Shoals:3 | Reached XP level 19. HP: 82/173 MP: 27/27
 31541 | Shoals:4 | Entered Level 4 of the Shoals
 31589 | Shoals:4 | Found a transporter.
 31647 | Shoals:4 | Noticed gabibbone's ghost (adept BaHu)
 31706 | Shoals:4 | Received a gift from Okawaru
 31918 | Shoals:4 | Found a transporter.
 32547 | Shoals:4 | Reached skill level 15 in Evocations
 32626 | Shoals:4 | Got a barnacled rune of Zot
 32913 | D:11     | You paid a toll of a +6 demon trident to enter a treasure
                  | trove
 32914 | Trove    | Entered a treasure trove
 33067 | Elf:1    | Entered Level 1 of the Elven Halls
 33079 | Elf:1    | Received a gift from Okawaru
 33434 | Elf:1    | Got the Incunable of Evil
 34000 | Elf:1    | Found a runed translucent gate.
 34000 | Elf:1    | Found a runed translucent gate.
 34000 | Elf:1    | Found a runed translucent gate.
 34002 | Elf:1    | Noticed Weizan's ghost (adept SpEn)
 34002 | Elf:1    | Noticed Decritt's ghost (adept SpEn)
 34003 | Elf:1    | Noticed gruffalo's ghost (journeyman HuFi)
 34003 | Elf:1    | Noticed Zanapn's ghost (journeyman DEAE)
 34351 | Elf:1    | Gained mutation: You occasionally shout uncontrollably at
                  | your foes. [a neqoxec]
 34356 | Elf:1    | Received a gift from Okawaru
 34834 | Elf:2    | Noticed Roxanne
 35022 | Elf:2    | Killed Roxanne
 35592 | Elf:2    | Identified the +0 pair of gloves "Ojehuoc" {rC+ Int+4}
                  | (Okawaru gifted it to you on level 2 of the Elven Halls)
 35592 | Elf:2    | Received a gift from Okawaru
 35612 | Elf:2    | Found a runed translucent gate.
 35615 | Elf:2    | Found a runed translucent gate.
 35615 | Elf:2    | Found a runed translucent gate.
 35624 | Elf:2    | Identified the +1 morningstar "Nizxovvi" {drain, +Blink}
 35634 | Elf:2    | Identified the +0 dagger "Draconian's Foe" {venom, Drain
                  | rN+ Str+7 Int-4}
 35828 | Elf:3    | Entered Level 3 of the Elven Halls
 35935 | Elf:3    | Reached XP level 20. HP: 157/185 MP: 28/28
 37355 | Elf:3    | Identified the +9 demon blade of Fedhas, Riding {freeze,
                  | rPois rN+ Will+ Int-3}
 38262 | Elf:3    | Identified the +1 pair of gloves of the Desolation of Salt
                  | {Dex+7}
 38293 | Elf:3    | Identified the +6 shortbow of Woif {freeze, rF++ rC- Dex+2
                  | SInv}
 38296 | Elf:3    | Identified the +3 plate armour of Limitation {rC+}
 38662 | Vaults:1 | Entered Level 1 of the Vaults
 38667 | Vaults:1 | Identified the +1 pair of gloves of Menuadwi {*Slow rElec
                  | Int+3} (Okawaru gifted it to you on level 1 of the Vaults)
 38667 | Vaults:1 | Received a gift from Okawaru
 38691 | Vaults:1 | Identified the +5 ring mail of Hopscotch {rF+ rC+}
 39116 | Vaults:1 | Found Buchib's Weapon Shop.
 40388 | Vaults:2 | Reached skill level 15 in Dodging
 40876 | Vaults:2 | Found a staircase to the Crypt.
 41008 | Vaults:2 | Reached XP level 21. HP: 196/196 MP: 29/29
 41069 | Vaults:2 | Identified the +4 morningstar of Psychosis {drain, rElec
                  | Dex+4} (Okawaru gifted it to you on level 2 of the Vaults)
 41069 | Vaults:2 | Received a gift from Okawaru
 42490 | Vaults:3 | Received a gift from Okawaru
 45101 | Vaults:4 | Identified the +11 spear of Matyo {venom, *Corrode rC+
                  | Str+10 Dex+6} (Okawaru gifted it to you on level 4 of the
                  | Vaults)
 45101 | Vaults:4 | Received a gift from Okawaru
 45144 | Vaults:4 | Reached XP level 22. HP: 209/209 MP: 30/30
 45611 | Crypt:1  | Entered Level 1 of the Crypt
 47194 | Crypt:2  | Identified the +1 hat of the Gusle {rF++} (Okawaru gifted
                  | it to you on level 2 of the Crypt)
 47194 | Crypt:2  | Received a gift from Okawaru
 47345 | Crypt:2  | Acquired a manual of Spellcasting
 47401 | Crypt:3  | Entered Level 3 of the Crypt
 48552 | Crypt:3  | Identified the +6 rapier of Modesty {flame, Will+ Int+7
                  | Dex-5}
 49140 | Crypt:3  | Found a basalt altar of Yredelemnul.
 50203 | Crypt:3  | Found a staircase to the Tomb.
 50259 | Crypt:3  | Identified the +1 quarterstaff "Naim" {speed, Str+3 Int+4}
 50315 | Crypt:3  | Noticed a royal mummy
 50320 | Crypt:3  | Killed a royal mummy
 50517 | Crypt:3  | Found an ancient bone altar of Kikubaaqudgha.
 51764 | Crypt:3  | Got the Omnibus of Moulding and Fascination
 52005 | Depths:1 | Entered Level 1 of the Depths
 52531 | Depths:1 | Found a one-way gateway to a ziggurat.
 52545 | Depths:1 | Received a gift from Okawaru
 52987 | Depths:1 | Found a gateway to Hell.
 53108 | Depths:1 | Reached XP level 23. HP: 215/220 MP: 31/31
 53724 | Depths:2 | Found a corrupted altar of Lugonu.
 53780 | Depths:2 | Identified the ring "Jaluk" {rElec rC+ Will+}
 53811 | Depths:2 | Found a one-way gate leading to the halls of Pandemonium.
 53945 | Depths:2 | Found a runed translucent door.
 53952 | Depths:2 | Identified the +1 tower shield of the Pits of Slime {rC+}
                  | (Okawaru gifted it to you on level 2 of the Depths)
 53952 | Depths:2 | Received a gift from Okawaru
 54044 | Depths:2 | Noticed a caustic shrike
 54047 | Depths:2 | Found a runed translucent door.
 54235 | Depths:3 | Found Hetu's Island Escapes.
 54270 | Depths:3 | Bought a scroll of teleportation for 60 gold pieces
 54270 | Depths:3 | Bought 2 scrolls of blinking for 300 gold pieces
 54270 | Depths:3 | Bought a scroll of blinking for 150 gold pieces
 54270 | Depths:3 | Bought a scroll of blinking for 150 gold pieces
 54270 | Depths:3 | Bought a scroll of fog for 80 gold pieces
 54286 | Depths:3 | Identified the +11 quarterstaff of Hepliaklqana's Regard
                  | {speed, rPois rF+ Int+4}
 54385 | Depths:3 | Identified the +0 chain mail "Pamosuh" {rC+ rCorr Stlth+}
 54945 | Depths:3 | Identified the +10 arbalest "Itrasoo" {flame, Dex+4}
 55257 | Depths:3 | Noticed Louise
 55266 | Depths:3 | Killed Louise
 55585 | Depths:3 | Identified the +3 leather armour of Wrong Decisions {rPois
                  | rN+ Str-4 Int+3}
 55933 | Depths:3 | Identified the -2 cloak of Least Resistance {Harm Regen+
                  | Str-3 SInv} (Okawaru gifted it to you on level 3 of the
                  | Depths)
 55933 | Depths:3 | Received a gift from Okawaru
 56237 | Depths:4 | Entered Level 4 of the Depths
 57348 | Depths:4 | Found an iron altar of Okawaru.
 57615 | Depths:4 | Found a blossoming altar of Fedhas.
 57673 | Depths:4 | Reached XP level 24. HP: 230/231 MP: 31/31
 58029 | Depths:4 | Found a bloodstained altar of Trog.
 58513 | Depths:4 | Identified the +7 tower shield of the Nexus {Regen+}
 58527 | Depths:4 | Found a shimmering blue altar of Sif Muna.
 58583 | Depths:4 | Received a gift from Okawaru
 59004 | Depths:4 | Found a gate to the Realm of Zot.
 59326 | Vaults:5 | Entered Level 5 of the Vaults
 59836 | Vaults:5 | Received a gift from Okawaru
 60196 | Vaults:5 | Identified the +9 morningstar of the Secret Spines
                  | {antimagic, rPois rN+}
 60361 | Vaults:5 | Noticed an ancient lich
 60370 | Vaults:5 | Killed an ancient lich
 60576 | Vaults:5 | Identified the +7 scimitar of Makie {vamp, rN+}
 60576 | Vaults:5 | Identified the ring of Day {rPois rCorr Str-5 SInv}
 60727 | Vaults:5 | Noticed Sojobo
 60735 | Vaults:5 | Killed Sojobo
 60899 | Vaults:5 | Reached XP level 25. HP: 222/243 MP: 31/31
 61060 | Vaults:5 | Identified the +7 glaive of the Wilderness {antimagic,
                  | Contam rN+ Int+4}
 61511 | Vaults:5 | Identified the +0 pair of gloves of Okawaru, Shifting
                  | {Int+5} (Okawaru gifted it to you on level 5 of the Vaults)
 61511 | Vaults:5 | Received a gift from Okawaru
 61710 | Vaults:5 | Got a silver rune of Zot
 62077 | Vaults:5 | Found the -2 hat of the Alchemist {rElec rPois rF+ rC+ rN+
                  | Will+ rMut rCorr}
 62642 | Depths:2 | Voluntarily entered the Abyss.
 62677 | Abyss:2  | Found a corrupted altar of Lugonu.
 63274 | Abyss:2  | Reached skill level 19 in Ranged Weapons
 63646 | Abyss:3  | Noticed an ancient lich
 63655 | Abyss:3  | Killed an ancient lich
 63674 | Abyss:3  | Noticed a dread lich
 63677 | Abyss:3  | Killed a dread lich
 63677 | Abyss:3  | Identified the +0 hat of the Great Game {Drain Int+2 Dex+4}
                  | (Okawaru gifted it to you on level 3 of the Abyss)
 63677 | Abyss:3  | Received a gift from Okawaru
 63678 | Abyss:3  | Reached skill level 20 in Ranged Weapons
 63714 | Abyss:3  | Got an abyssal rune of Zot
 63724 | Depths:2 | Escaped the Abyss
 63797 | Depths:2 | Lost mutation: Your tail ends in a venomous barb. [potion
                  | of mutation]
 63797 | Depths:2 | Lost mutation: You occasionally shout uncontrollably at
                  | your foes. [potion of mutation]
 63797 | Depths:2 | Gained mutation: You are occasionally teleported next to
                  | monsters. [potion of mutation]
 63797 | Depths:2 | Gained mutation: You sometimes lose your temper in combat.
                  | [potion of mutation]
 63798 | Depths:2 | Lost mutation: You are occasionally teleported next to
                  | monsters. [potion of mutation]
 63798 | Depths:2 | Lost mutation: You have a pair of small horns on your head.
                  | [potion of mutation]
 63798 | Depths:2 | Lost mutation: You sometimes lose your temper in combat.
                  | [potion of mutation]
 63798 | Depths:2 | Gained mutation: Your muscles are strong. (Str +4, Int/Dex
                  | -1) [potion of mutation]
 63798 | Depths:2 | Gained mutation: You possess an exceptional clarity of
                  | mind. [potion of mutation]
 63798 | Depths:2 | Lost mutation: Your muscles are strong. (Str +4, Int/Dex
                  | -1) [potion of mutation]
 63798 | Depths:2 | Gained mutation: You have an increased reservoir of magic.
                  | (+10% MP) [potion of mutation]
 65488 | Slime:1  | Entered Level 1 of the Pits of Slime
 65855 | Slime:2  | Gained mutation: You are dopey. (Int -2) [a shining eye]
 66432 | Slime:2  | Gained mutation: You are agile. (Dex +4, Str/Int -1) [a
                  | shining eye]
 66821 | Slime:1  | Reached skill level 21 in Ranged Weapons
 67075 | Slime:4  | Reached XP level 26. HP: 251/251 MP: 34/34
 67162 | Slime:3  | Gained mutation: Your body sometimes deteriorates upon
                  | taking damage. [a shining eye]
 67163 | Slime:3  | Lost mutation: You are agile. (Dex +4, Str/Int -1) [a
                  | shining eye]
 67622 | Slime:5  | Entered Level 5 of the Pits of Slime
 67795 | Slime:5  | Noticed the Royal Jelly
 68425 | Slime:5  | Killed the Royal Jelly
 68956 | Slime:5  | Reached skill level 22 in Ranged Weapons
 69027 | Slime:5  | Identified the +7 ring mail of the Game of Life {rElec rC+
                  | Int-4}
 69046 | Slime:5  | Got Sif Muna's Book of Lithic Bewitchment
 69066 | Slime:5  | Got a slimy rune of Zot
 69152 | Lair:5   | Lost mutation: You are dopey. (Int -2) [potion of mutation]
 69152 | Lair:5   | Lost mutation: You have an increased reservoir of magic.
                  | (+10% MP) [potion of mutation]
 69152 | Lair:5   | Lost mutation: Your body sometimes deteriorates upon taking
                  | damage. [potion of mutation]
 69152 | Lair:5   | Gained mutation: You expend magic power (3 MP) to
                  | strengthen your wands. [potion of mutation]
 69152 | Lair:5   | Gained mutation: Your flesh is heat resistant. (rF+)
                  | [potion of mutation]
 69152 | Lair:5   | Gained mutation: You are somewhat resistant to further
                  | mutation. [potion of mutation]
 69607 | Zot:1    | Entered Level 1 of the Realm of Zot
 69872 | Zot:1    | Found a runed translucent door.
 69876 | Zot:1    | Noticed twist's ghost (legendary OpTm)
 69967 | Zot:1    | Identified the +3 kite shield "Trusted Companion" {+Inv
                  | Will+ Str+2 Dex+2} (Okawaru gifted it to you on level 1 of
                  | the Realm of Zot)
 69967 | Zot:1    | Received a gift from Okawaru
 71031 | Zot:2    | Reached skill level 23 in Ranged Weapons
 71170 | Zot:2    | Noticed an orb of fire
 71175 | Zot:2    | Gained mutation: Your body sometimes deteriorates upon
                  | taking damage. [an orb of fire]
 71175 | Zot:2    | Gained mutation: You are vulnerable to cold. (rC-) [an orb
                  | of fire]
 71181 | Zot:2    | Killed an orb of fire
 72408 | Zot:3    | Reached skill level 24 in Ranged Weapons
 72715 | Zot:3    | Noticed a dread lich
 72720 | Zot:3    | Noticed a dread lich
 72722 | Zot:3    | Noticed a dread lich
 72724 | Zot:3    | Killed a dread lich
 72726 | Zot:3    | Killed a dread lich
 72732 | Zot:3    | Killed a dread lich
 72885 | Zot:3    | Identified the +5 sling of Sueg Rai {vorpal, rElec rF-
                  | Str+2 Stlth+} (Okawaru gifted it to you on level 3 of the
                  | Realm of Zot)
 72885 | Zot:3    | Received a gift from Okawaru
 72890 | Zot:3    | Noticed a dread lich
 72891 | Zot:3    | Noticed a dread lich
 72897 | Zot:3    | Killed a dread lich
 72899 | Zot:3    | Killed a dread lich
 72900 | Zot:3    | Reached XP level 27. HP: 225/259 MP: 23/31
 72983 | Zot:3    | Identified the +2 helmet "Rept" {rElec rC+ rCorr Str-2
                  | Int+3}
 73116 | Zot:3    | Identified the +4 rapier of the Equator {spect, rPois rC+}
 73784 | Zot:3    | Reached skill level 25 in Ranged Weapons
 74750 | Zot:5    | Entered Level 5 of the Realm of Zot
 74774 | Zot:5    | Received a gift from Okawaru
 75310 | Zot:5    | Reached skill level 26 in Ranged Weapons
 75455 | Zot:5    | Noticed an orb of fire
 75473 | Zot:5    | Gained mutation: You are frail. (-10% HP) [an orb of fire]
 75479 | Zot:5    | Killed an orb of fire
 75479 | Zot:5    | Noticed an ancient lich
 75487 | Zot:5    | Killed an ancient lich
 75678 | Zot:5    | Noticed an orb of fire
 75689 | Zot:5    | Killed an orb of fire
 75712 | Zot:5    | HP: 8/233 [yellow draconian annihilator/crystal spear[a
                  | purple draconian shifter] (56)]
 75715 | Zot:5    | Demolished by a Killer Klown

Illustrated notes

Levels and vault maps discovered:
D:1:      lightli_iron_boxes, layout_basic, item_on_display_a
D:2:      kennysheep_big_flooded_room, layout_basic, minmay_worlds_worst_comb,
          uniq_terence
D:3:      layout_loops_ring, grunt_dithmenos_smoke_and_mirrors,
          nicolae_overflow_quartered_altars, serial_shops, nicolae_shop_crystal
D:4:      layout_basic, hellmonk_ghost_happy_afterlife,
          chequers_serial_rivers_small_a
D:5:      layout_gridville, worldfamousw_hep_ancestral_shrine,
          minmay_temple_entry_statues_pillars, gammafunk_ghost_nasty_kobolds,
          nicolae_shop_firing_range, uniq_edmund
D:6:      layout_basic, grunt_temple_overflow_open, nicolae_zen_rock_garden,
          minmay_checkerbox, uniq_eustachio, uniq_pikel, uniq_maggie
D:7:      minmay_klotski, layout_basic
D:8:      layout_rooms, lemuel_crystal_altar, uniq_maurice, uniq_erica,
          uniq_prince_ribbit1, uniq_grum
D:9:      layout_basic, enter_bailey_5, serial_bayou_pond_d,
          minmay_protected_statue
D:10:     layout_roguey, dk_yredelemnul_ordeal, erik_lair_dragon, erik_orc_4,
          minmay_statue_bubble
D:11:     layout_loops_cross, enter_trove_3, serial_shops, shop, uniq_snorg,
          uniq_nergalle
D:12:     minmay_concentric_multi, layout_loops_ring, kennysheep_small_square,
          uniq_frances
D:13:     layout_long_grid, gammafunk_ghost_fury_of_okawaru
D:14:     layout_stronghold, lightli_vaults_fourway_checkpoint,
          maelrawn_ghost_gauntlet_escape, yredelemnul_altar_generic
D:15:     grunt_enter_depths_hoard, layout_small_grid, serial_bayou_pond_a
Lair:1:   layout_regular_city, portal_ice_cave_entry_ice_simulacra,
          minivault_25, uniq_fannar
Lair:2:   layout_cave_pods, grunt_megastairs_5
Lair:3:   regret_index_wax_grids, layout_loops_ring, elwin_shoals_entry_rocks,
          dummy_snake_entry, serial_bayou_pond_c, infiniplex_staircase_pool,
          lemuel_fruit_fields, uniq_kirke
Lair:4:   dreamdust_cave_troll, layout_regular_city
Lair:5:   minmay_lair_end_frog_pond, layout_layer_cave, slime_entry_1
Shoals:1: layout_shoals
Shoals:2: layout_shoals
Shoals:3: layout_shoals, serial_shops, nicolae_shop_advertising_works
          [nicolae_subvault_shop_adworks], nicolae_shoals_hunting_party
Shoals:4: shoals_end_grunt_ice, layout_shoals, gammafunk_ghost_berserking_beasts
Snake:1:  layout_onion, serial_shops, shop, gammafunk_ghost_grave
Snake:2:  layout_misc_corridors, drop_trap, guppyfry_library_mini
Snake:3:  layout_cave_shapes, hangedman_snake_corridor_cut
Snake:4:  snake_pit_salamanders_mu, layout_misc_corridors, st_stairs_14,
          grunt_ministairs_7, serial_bayou_shore_b
Slime:1:  layout_caves
Slime:2:  layout_caves
Slime:3:  layout_caves
Slime:4:  layout_caves
Slime:5
Orc:1:    layout_caves, gammafunk_ghost_abyssal_escape, basic_altar,
          minmay_orc_keep
Orc:2:    st_orc_congregation, layout_diamond_mine, nicolae_shop_self_help,
          uniq_azrael
Elf:1:    nicolae_elf_arrival_no_cutting_in_line, layout_geoelf_diagonals,
          gammafunk_ghost_cemetery, minmay_elf_necromancy,
          hangedman_elven_ridges, st_stairs_8, grunt_megastairs_4
Elf:2:    nicolae_elf_blades_splatter_lattice [mumra_blade_entry_bloodbath],
          layout_gridlike, uniq_louise, uniq_roxanne, uniq_jorgrun
Elf:3:    minmay_elf_hall_circle, layout_geoelf_diagonals,
          palyth_stone_intersect, dk_noncrumbling_2
Vaults:1: v_pattern_1, vaults_room_pools, nicolae_vaults_mini_display_case,
          nicolae_vaults_network_s, nicolae_vaults_asterisk,
          grunt_vaults_funnel, v_misc_3, hangedman_vaults_capsules,
          ontoclasm_vaults_fault, v_misc_23, nicolae_vaults_circle_grid_b,
          layout_vaults_ring, serial_shops, nicolae_shop_hallway_plus
Vaults:2: v_misc_17, vaults_room_corners, v_misc_22, ontoclasm_vaults_pinch,
          nicolae_vaults_theta, v_misc_17, grunt_vaults_diagonal,
          ontoclasm_vaults_shuriken, vaults_dpeg_hooks, layout_vaults_omnigrid,
          dummy_crypt_entry
Vaults:3: hangedman_vaults_stream, kb_rosetta, nicolae_vaults_network_quincunx
          [nicolae_vaults_network_quincunx_subvault,
          nicolae_vaults_network_quincunx_subvault,
          nicolae_vaults_network_quincunx_subvault,
          nicolae_vaults_network_quincunx_subvault,
          nicolae_vaults_network_quincunx_subvault], hangedman_vaults_unwind,
          v_misc_5, nicolae_vaults_border_crossing, vaults_dpeg_encased_lava,
          nicolae_vaults_asterisk, ontoclasm_vaults_tryst,
          vaults_mumra_chevron_long, nicolae_vaults_big_ls,
          ontoclasm_vaults_twist, nicolae_vaults_ring_of_whatevers,
          vaults_dpeg_spiral, vaults_mumra_chevron, vaults_room_stairs_pillars,
          layout_vaults_omnibox
Vaults:4: nicolae_vaults_triangles, vaults_dpeg_doors, vaults_mumra_lcd,
          v_misc_16, v_misc_14, hangedman_vaults_cutoff,
          nicolae_vaults_network_star, nicolae_vaults_angled_halls,
          vaults_room_corners, nicolae_vaults_little_squares_4,
          vaults_room_semicircle, layout_vaults_chaotic_city
Vaults:5: serial_shops, uniq_sojobo
Crypt:1:  layout_misc_corridors, st_stairs_12, lemuel_upstairs_altar,
          grunt_crypt_arrival_webbed
Crypt:2:  layout_catacombs
Crypt:3:  church_of_pain_bobbens, layout_chaotic_city,
          nicolae_tomb_entry_unfolded_pyramid_diagonal, basic_altar
Depths:1: layout_cave_pools, enter_ziggurat_f, serial_bayou_shore_a, hell_entry,
          minmay_misc_feat_iff, kennysheep_generic_room_13
Depths:2: minmay_expanding_circles, layout_cave_pools, abyss_entry_flame_altar,
          rand_demon_pan_entry_7, hangedman_coc_ice_floe, nrook_mini_backslash
Depths:3: grunt_deathspiral_large, layout_gridlike, pan_entry,
          nicolae_elevator_lobby_asterisk, hangedman_geh_valley,
          nicolae_abyss_entry_one_way_or_another, nicolae_island_escapes
Depths:4: grunt_profane_halls [grunt_profane_temple_geh,
          grunt_profane_temple_dis, grunt_profane_temple_tar,
          grunt_profane_temple_coc, grunt_zot_portal], pan_entry, hell_entry
Zot:1:    kennysheep_blocky_hall, layout_misc_corridors,
          ebering_ghost_reflecting_pool
Zot:2:    layout_concentric_octagons, st_single_dragon_hoard_3
Zot:3:    hellmonk_paralyzer, layout_misc_corridors, st_stairs_1,
          grunt_ministairs_4
Zot:4:    layout_onion, st_stairs_7
Zot:5:    layout_misc_corridors

Skill      XL: |  1  2  3  4  5  6  7  8  9 10 11 12 13 14 15 16 17 18 19 20 21 22 23 24 25 26 27 |
---------------+----------------------------------------------------------------------------------+-----
Ranged Weapons | 4 5 6 7 8 10 11 14 15 18 21 24 26 | 26.3
Fighting       | 3 4 5 6 7 9 11 13 15 16 17 18 19 21 22 23 | 23.4
Dodging        | 3 6 9 10 11 12 14 15 16 17 18 19 | 19.4
Shields        | 2 10 12 13 15 16 17 18 19 20 21 | 21.7
Invocations    | 5 11 | 11.0
Evocations     | 6 11 12 14 16 19 21 22 23 24 | 24.3
Stealth        | |  0.8

Action                   |  1- 3 |  4- 6 |  7- 9 | 10-12 | 13-15 | 16-18 | 19-21 | 22-24 | 25-27 || total
-------------------------+-------+-------+-------+-------+-------+-------+-------+-------+-------++-------
Melee: Shortbow          |       |     1 |       |       |       |       |       |       |       ||     1
 Fire: Shortbow          |    75 |   194 |   196 |       |       |       |       |       |       ||   465
       Hand crossbow     |       |       |    77 |   321 |  1090 |  1354 |  1585 |  2018 |  1985 ||  8430
Invok: Heroism           |       |       |     1 |       |     1 |       |       |     1 |       ||     3
       Finesse           |       |       |       |       |     1 |       |       |       |       ||     1
 Abil: Breathe Dispellin |       |       |     6 |     2 |     3 |     1 |     7 |     6 |     8 ||    33
Evoke: Wand              |       |       |       |     1 |     4 |     2 |     1 |    10 |    30 ||    48
       Tin of tremorston |       |       |       |       |       |       |     2 |     9 |     2 ||    13
       Phial of floods   |       |       |       |       |       |       |     1 |     1 |     2 ||     4
       Lightning rod     |       |       |       |       |       |       |       |    10 |       ||    10
       Condenser vane    |       |       |       |       |       |       |       |     1 |     4 ||     5
  Use: Potion            |     3 |     4 |     2 |     5 |     2 |     1 |     3 |     5 |    10 ||    35
       Scroll            |     3 |     1 |     9 |     8 |    17 |     6 |     7 |    17 |    18 ||    86
Armor: Skin              |     3 |    28 |    57 |    23 |   135 |    85 |    87 |   205 |   129 ||   752
Dodge: Dodged            |    12 |    36 |   118 |    56 |   348 |   302 |   391 |   940 |   875 ||  3078
Block: Kite shield       |       |       |       |    26 |   313 |   397 |   543 |  1217 |  1329 ||  3825
       Reflection        |       |       |       |       |       |       |       |       |    25 ||    25

Table legend: (Time is in decaauts)
 A = Elapsed time spent in this place.
 B = Non-inter-level travel time spent in this place.
 C = Inter-level travel time spent in this place.
 D = Time resting spent in this place.
 E = Time spent auto-exploring this place.
 F = Levels seen in this place.
 G = Mean time per level.
                   A        B        C        D        E       F      G
               +--------+--------+--------+--------+--------+-----+--------+
         Total |  76853 |  69044 |   7809 |  18597 |  31134 |  61 | 1259.9 |
       Dungeon |  16793 |  14315 |   2478 |   1876 |   9650 |  15 | 1119.5 |
          Lair |   6114 |   5240 |    874 |    404 |   3826 |   5 | 1222.8 |
        Shoals |   4221 |   3992 |    229 |   1211 |   1894 |   4 | 1055.2 |
     Snake Pit |   5426 |   4955 |    471 |   1230 |   2569 |   4 | 1356.5 |
    Slime Pits |   3695 |   3402 |    293 |   1257 |   1242 |   5 |  739.0 |
  Orcish Mines |   2144 |   1750 |    394 |    158 |    936 |   2 | 1072.0 |
   Elven Halls |   5574 |   4834 |    740 |   1726 |   1798 |   3 | 1858.0 |
        Vaults |  10481 |   9813 |    668 |   3012 |   4162 |   5 | 2096.2 |
         Crypt |   6553 |   5991 |    562 |   3063 |   1374 |   3 | 2184.3 |
        Depths |   7580 |   6977 |    603 |   2519 |   2082 |   4 | 1895.0 |
           Zot |   6159 |   5667 |    492 |   1850 |   1599 |   5 | 1231.8 |
         Abyss |   1098 |   1098 |      0 |    154 |      0 |   3 |  366.0 |
         Trove |     66 |     66 |      0 |      0 |      0 |   1 |   66.0 |
        Bailey |    339 |    339 |      0 |     39 |      0 |   1 |  339.0 |
      Ice Cave |    603 |    603 |      0 |     94 |      0 |   1 |  603.0 |
               +--------+--------+--------+--------+--------+-----+--------+

Top non-repeatable levels by time:
 Crypt:3: 3014 daAuts
Depths:3: 2791 daAuts
Vaults:5: 2675 daAuts
 Crypt:2: 2308 daAuts
Depths:4: 2172 daAuts
Vaults:3: 2158 daAuts
   Elf:3: 2154 daAuts
Vaults:4: 2124 daAuts
    D:10: 2066 daAuts
   Elf:1: 1970 daAuts
 Snake:4: 1957 daAuts
  Lair:5: 1889 daAuts
Vaults:1: 1772 daAuts
Vaults:2: 1750 daAuts
 Snake:3: 1690 daAuts
